 Dungeon Crawl Stone Soup version 0.31-a0-675-g238779eb0a (webtiles) character file.

Game seed: 1167742171134166879

163 qw the Shooter (level 5, -6/32 HPs)
             Began as a Gargoyle Hunter on Sept 5, 2023.
             Was an Initiate of Okawaru.
             Mangled by an ogre
             ... wielding a +0 giant spiked club
              (23 damage)
             ... on level 4 of the Dungeon.
             The game lasted 00:00:59 (2059 turns).

qw the Shooter (Gargoyle Hunter)                    Turns: 2059, Time: 00:01:00

Health: -6/32      AC: 12    Str: 15    XL:     5   Next: 44%
Magic:  5/5        EV: 11    Int:  9    God:    Okawaru [......]
Gold:   169        SH:  0    Dex: 15    Spells: 4/4 levels left

rFire   . . .        Y - +1 shortbow
rCold   . . .        (shield currently unavailable)
rNeg    + . .        b - +0 ring mail
rPois   inf          (no helmet)
rElec   +            (no cloak)
rCorr   .            (no gloves)
SInv    .            i - +2 pair of boots
Will    .....        (no amulet)
Stlth   +            (no ring)
HPRegen 0.25/turn    (no ring)
MPRegen 0.09/turn

%: no passive effects
@: no status effects
A: sickness immunity, AC +4, negative energy resistance 1, electricity
resistance, torment resistance 1, petrification resistance
a: Renounce Religion


You were on level 4 of the Dungeon.
You worshipped Okawaru.
Okawaru was noncommittal.
You visited 1 branch of the dungeon, and saw 4 of its levels.

You collected 169 gold pieces.


Innate Abilities, Weirdness & Mutations

You are immune to sickness and miasma.
Your stone body is resilient. (AC +4)
You are immune to poison.
You resist negative energy. (rN+)
You are resistant to electric shocks. (rElec)
You are resistant to unholy torment.
You are immune to petrification.


   Skills:
 + Level 3.2 Fighting
 - Level 6.0 Ranged Weapons
 - Level 1.0 Armour
 - Level 1.5 Dodging
 - Level 1.1 Stealth


You had 4 spell levels left.
You didn't know any spells.
Your spell library was empty.

Inventory:

Hand Weapons
 Y - a +1 shortbow (weapon)
Armour
 b - a +0 ring mail (worn)
 i - a +2 pair of boots (worn)
Potions
 h - 2 potions of heal wounds
 k - a potion of brilliance {unknown}

Dungeon Overview and Level Annotations

Branches:
Dungeon (4/15)
 Temple: D:4-7

Altars:
Gozag
Okawaru
Uskayaw
The Shining One

Shops:
D:3 (


Message History

As you open the door, it creaks loudly!
There is an open door here.
Found a war axe.
Found a stone staircase leading down.
An endoplasm comes into view.
You shoot an arrow. The endoplasm quivers.
The arrow hits the endoplasm but does no damage.
You shoot an arrow. The arrow hits the endoplasm!
You kill the endoplasm!
Okawaru accepts your kill.
You open the large door.
Found 2 stones.
There is a large open door here.
There is a large open door here.
You open the door.
There is an open door here.
Found 4 javelins.
Found a stone staircase leading up.
Enter note:
Found a stone staircase leading up.
Enter note:
Enter note: An ogre comes into view. It is wielding a +0 giant spiked club.
The ogre shouts!
You shoot an arrow. The arrow hits the ogre.
The ogre is lightly wounded.
You shoot an arrow. The arrow hits the ogre.
The ogre is moderately wounded.
The ogre hits you with a +0 giant spiked club!
Ouch! That really hurt!
You shoot an arrow. The arrow barely misses the ogre.
The ogre barely misses you.
You shoot an arrow. The arrow closely misses the ogre.
The ogre hits you but does no damage.
You shoot an arrow. The arrow hits the ogre.
The ogre is heavily wounded.
The ogre hits you with a +0 giant spiked club!!
Ouch! That really hurt!
You die...

........#.#####(#
#####
...###.##........
..... ##.
#..........#
##### #
#.#.########
#.#.# .. ..#.#
...<###.#######
...............
<######@......#
#..O.....#.#
.....######.#
.### .# . #


You could see an ogre.

Vanquished Creatures
  An orc wizard (D:2)
  6 adders
  An ufetubus (D:4)
  3 worms
  A dart slug (D:1)
  4 orcs
  5 endoplasms
  4 giant cockroaches
  10 goblins
  7 hobgoblins
  A quokka (D:1)
  8 ball pythons
  3 bats
  2 frilled lizards
  6 kobolds
  3 rats
65 creatures vanquished.

Notes
Turn   | Place    | Note
-------+----------+-------------------------------------------
     0 | D:1      | qw the Gargoyle Hunter began the quest for the Orb.
     0 | D:1      | Reached XP level 1. HP: 12/12 MP: 1/1
     0 | D:1      | 0 ||| qw: Version: 0.3-a-75-g829b12e
     0 | D:1      | 0 ||| qw: Game counter: 58
     0 | D:1      | 0 ||| qw: Melee chars always use a shield: true
     0 | D:1      | 0 ||| qw: God list: Okawaru
     0 | D:1      | 0 ||| qw: Allow faded altars: false
     0 | D:1      | 0 ||| qw: Do Orc after clearing Dungeon:15 true
     0 | D:1      | 0 ||| qw: Do second Lair branch before Depths: true
     0 | D:1      | 0 ||| qw: Lair rune preference: random
     0 | D:1      | 0 ||| qw: Goals: Normal
     0 | D:1      | 0 ||| PLANNING D:1-11
    71 | D:1      | Reached XP level 2. HP: 17/17 MP: 2/2
   554 | D:1      | 554 ||| UPGRADING to +2 pair of boots.
   559 | D:1      | 559 ||| READING scroll labelled ESHUSO IFERON.
   560 | D:1      | 560 ||| READING 2 scrolls labelled REVVESHR NAIS.
   561 | D:1      | 561 ||| READING scroll labelled QAYSOYP OSSIE.
   562 | D:1      | 562 ||| DRINKING 2 orange potions.
   563 | D:1      | 563 ||| DRINKING 2 grey potions.
   564 | D:1      | 564 ||| DROPPING scroll of butterflies.
   565 | D:1      | 565 ||| DROPPING scroll of immolation.
   566 | D:1      | 566 ||| DROPPING potion of invisibility.
   594 | D:2      | Reached XP level 3. HP: 18/21 MP: 3/3
   594 | D:2      | 594 ||| STAIRDANCE
   615 | D:2      | Reached skill level 5 in Ranged Weapons
   686 | D:2      | Reached skill level 3 in Fighting
   687 | D:2      | Reached XP level 4. HP: 28/28 MP: 4/4
  1340 | D:2      | 1340 ||| UPGRADING to +0 ring mail.
  1350 | D:2      | 1350 ||| DROPPING +0 leather armour.
  1351 | D:2      | 1351 ||| READING scroll labelled OTAGOS VIS ORA.
  1352 | D:2      | 1352 ||| READING scroll labelled UGUPTO MALUI.
  1426 | D:3      | Found Gyud's Weapon Shoppe.
  1466 | D:3      | Reached XP level 5. HP: 32/32 MP: 5/5
  1490 | D:3      | Reached skill level 1 in Armour
  1529 | D:3      | Found an iron altar of Okawaru.
  1530 | D:3      | 1530 ||| PLANNING OKAWARU WORSHIP
  1537 | D:3      | Became a worshipper of Warmaster Okawaru
  1538 | D:3      | 1538 ||| PLANNING D:1-11
  1540 | D:3      | Found a glowing golden altar of the Shining One.
  1669 | D:3      | Found a hide-covered altar of Uskayaw.
  1721 | D:3      | Found an opulent altar of Gozag.
  1825 | D:3      | 1825 ||| READING scroll labelled TUSEKK GUMUQELL.
  1826 | D:3      | 1826 ||| READING scroll labelled UCIARH NIOREORR.
  1827 | D:3      | 1827 ||| DRINKING 2 white potions.
  1862 | D:3      | 1862 ||| DROPPING potion of lignification.
  1913 | D:4      | 1913 ||| FLEEEEING.
  1915 | D:4      | 1915 ||| FLEEEEING.
  1916 | D:4      | 1916 ||| FLEEEEING.
  1985 | D:4      | Reached skill level 6 in Ranged Weapons
  2054 | D:4      | Noticed an ogre
  2059 | D:4      | Mangled by an ogre

Levels and vault maps discovered:
D:1:      grunt_arrival_lava_bath, layout_basic, hex_tiny
D:2:      kennysheep_big_flooded_room, layout_basic, corexii_corridor_pit,
          minmay_3d_cube
D:3:      layout_basic, nicolae_uskayaw_dance_hall,
          mainiacjoe_overflow_large_starburst, lemuel_doored_altar,
          serial_shops, shop, st_stairs_10, minivault_24
D:4:      layout_basic, xom_teletrap_fun

Skill      XL: |  1  2  3  4  5 |
---------------+----------------+-----
Ranged Weapons | 5 6 |  6.0
Fighting       | 3 |  3.2
Armour         | 1 |  1.0
Dodging        | |  1.5
Stealth        | |  1.1

Action                     |  1- 3 |  4- 6 || total
---------------------------+-------+-------++-------
   Fire: Shortbow          |    57 |   173 ||   230
    Use: Scroll            |     3 |     4 ||     7
         Potion            |     2 |     1 ||     3
 Armour: Leather armour    |     7 |    31 ||    38
         Ring mail         |       |    51 ||    51
  Dodge: Dodged            |     6 |    79 ||    85

Table legend:
 A = Non-vault XP
 B = Vault XP
 C = Vault XP percentage of total XP
 D = Non-vault monster count
 E = Vault monster count
 F = Vault count percentage of total count
                 A         B        C        D         E       F
            +---------+---------+-------+---------+---------+-------
      Total |     195 |      39 |  16.7 |      56 |       9 |  13.8
            +---------+---------+-------+---------+---------+-------
        D:1 |      30 |       0 |   0.0 |      18 |       0 |   0.0
        D:2 |      88 |      32 |  26.7 |      20 |       5 |  20.0
        D:3 |      38 |       7 |  15.6 |      13 |       4 |  23.5
        D:4 |      39 |       0 |   0.0 |       5 |       0 |   0.0
            +---------+---------+-------+---------+---------+-------
